 Dungeon Sprint DCSS version 0.17-a0-1636-g3119f2b (webtiles) character file.

282 Kidiri the Covert (level 6, 0/28 HPs)
             Began as a Spriggan Enchanter on Aug 6, 2015.
             Splashed by a jelly's acid (8 damage)
             ... in the Dungeon (Sprint III: "The Ten Rune Challenge").
             The game lasted 00:03:06 (472 turns).

Kidiri the Covert (Spriggan Enchanter)               Turns: 472, Time: 00:03:07

Health: 0/28       AC:  1    Str:  6    XL:     6   Next: 6%
Magic:  11/17      EV: 25    Int: 15    God:
Gold:   18         SH:  0    Dex: 18    Spells: 5 memorised, 8 levels left

rFire  . . .     SeeInvis +     a - +1 dagger
rCold  . . .     Clarity  .     b - +1 robe
rNeg   . . .     SustAt   .     (shield restricted)
rPois  .         Gourm    .     (helmet restricted)
rElec  .         Spirit   .     l - +0 cloak
rCorr  .         Warding  .     (gloves unavailable)
rMut   .         NoTele   +     (boots unavailable)
MR     +....                    (no amulet)
Stlth  +++++.....               (no ring)
                                (no ring)

@: corroded equipment, very quick, somewhat resistant to hostile enchantments,
quite stealthy
A: unfitting armour, molten scales 1, see invisible, dopey 1, herbivore 3, speed
3, slow metabolism 2, strong 1
a: no special abilities


You were in the Dungeon.
You were not hungry.

You visited 1 branch You collected 18 gold pieces.

Inventory:

Hand weapons
 a - a +1 dagger (weapon)
Armour
 b - a +1 robe (worn)
 l - a +0 cloak (worn)
Scrolls
 j - a scroll of blinking
 n - a scroll of holy word
 o - a scroll of recharging
 r - a scroll of immolation
 s - a scroll of remove curse {unknown}
Potions
 e - a potion of curing
 f - a potion of heal wounds
 g - a potion of haste
 h - 2 potions of magic
 i - a potion of berserk rage
 p - 2 potions of cure mutation
 q - 3 potions of flight
Books
 c - a book of Maledictions

   Spells                             Type                      Level
   a - Corona                         Hexes                        1
   b - Ensorcelled Hibernation        Hexes/Ice                    2
   c - Confuse                        Hexes                        3
   d - Tukima's Dance                 Hexes                        3
   e - Dazzling Spray                 Conjuration/Hexes            3
Comestibles
 d - 2 bread rations
 t - a royal jelly


   Skills:
 + Level 4.4 Short Blades
 * Level 9.0 Dodging
 * Level 9.9 Stealth
 * Level 7.5 Spellcasting
 + Level 2.0 Conjurations
 + Level 6.1 Hexes
 + Level 2.7 Ice Magic


You had 8 spell levels left.
You knew the following spells:

 Your Spells              Type           Power        Failure   Level  Hunger
a - Corona                Hex            ###....      1%          1    None
b - Ensorcelled Hibernat  Hex/Ice        ###...       3%          2    None
c - Confuse               Hex            ###.....     2%          3    ##.....
d - Tukima's Dance        Hex            ###.....     2%          3    ##.....
e - Dazzling Spray        Conj/Hex       ###.....     10%         3    ##.....


Dungeon Overview and Level Annotations

Branches:
Dungeon (1/1)

Altars:


Innate Abilities, Weirdness & Mutations

You are tiny and cannot use many weapons and most armour.
You have supernaturally acute eyesight.
You are a herbivore.
You cover ground extremely quickly.
You need consume almost no food.
You are partially covered in molten scales (AC +1).
You are dopey. (Int -2)
Your muscles are strong. (Str +2)


Message History

Increase (S)trength, (I)ntelligence, or (D)exterity?
You feel clever.
The jelly quivers.
You hit the jelly.
Your hands burn!
The jelly is moderately wounded.
The jelly completely misses you.
Casting: Ensorcelled Hibernation
Confirm with . or Enter, or press ? or * to list all spells.
Aiming: Ensorcelled Hibernation
Press: ? - help, Shift-Dir - straight line, f - jelly
Aim: a jelly (moderately wounded, chance to defeat MR: 57%)
The jelly resists with significant effort.
The jelly hits you.
You are splashed with acid!
The acid corrodes you!
The acid burns!
You hit the jelly but do no damage.
Your hands burn!
The jelly is moderately wounded.
The jelly hits you.
* * * LOW HITPOINT WARNING * * *
You are splashed with acid!
The acid burns!
You die...

#####..# .#..#..#
%#..#..###+#+###+##
.##'#..#..........#
.###...'.⌠........#
####...#...######'#
###....#.⌠.# #...#
##.....#...# #...#
#).....#+### #.@.#
.#.....# #.J%+
###....# +...#
▓▓▓▓▓▓ ▓▓▓▓▓


You could see a jelly.

Vanquished Creatures
  A shadow (D)
  A water elemental (D)
  Crazy Yiuf (D)
  Jessica (D)
  A human (D)
  3 rats (D)
8 creatures vanquished.

Vanquished Creatures (others)
  2 draconian scorchers (D)
  A yaktaur (D)
3 creatures vanquished.

Grand Total: 11 creatures vanquished

Notes
Turn   | Place    | Note
--------------------------------------------------------------
     0 | D        | Kidiri the Spriggan Enchanter began the quest for the Orb.
     0 | D        | Reached XP level 1. HP: 9/9 MP: 5/5
    94 | D        | Noticed Jessica
   103 | D        | Killed Jessica
   103 | D        | Reached skill level 5 in Dodging
   103 | D        | Reached skill level 6 in Stealth
   103 | D        | Reached XP level 2. HP: 8/13 MP: 5/8
   107 | D        | Learned a level 2 spell: Ensorcelled Hibernation
   209 | D        | Killed a yaktaur
   241 | D        | Noticed Crazy Yiuf
   253 | D        | Killed a white draconian scorcher
   259 | D        | Reached XP level 3. HP: 16/16 MP: 3/10
   261 | D        | Killed Crazy Yiuf
   261 | D        | Reached skill level 7 in Stealth
   261 | D        | Reached skill level 5 in Spellcasting
   261 | D        | Reached skill level 1 in Ice Magic
   261 | D        | Reached XP level 4. HP: 21/21 MP: 1/12
   266 | D        | Learned a level 3 spell: Confuse
   270 | D        | Learned a level 3 spell: Tukima's Dance
   274 | D        | Learned a level 3 spell: Dazzling Spray
   275 | D        | Killed a white draconian scorcher
   304 | D        | Gained mutation: You are clumsy. (Dex -2) [potion of mutation]
   304 | D        | Gained mutation: You can breathe flames. [potion of mutation]
   304 | D        | Lost mutation: You can breathe flames. [potion of mutation]
   305 | D        | Lost mutation: You are clumsy. (Dex -2) [potion of cure mutation]
   306 | D        | Gained mutation: Your muscles are strong. (Str +2) [potion of mutation]
   306 | D        | Gained mutation: You are dopey. (Int -2) [potion of mutation]
   306 | D        | Gained mutation: You are partially covered in molten scales (AC +1). [potion of mutation]
   451 | D        | Noticed a water elemental
   454 | D        | Killed a water elemental
   454 | D        | Reached skill level 8 in Stealth
   454 | D        | Reached skill level 1 in Conjurations
   454 | D        | Reached skill level 5 in Hexes
   454 | D        | Reached XP level 5. HP: 24/24 MP: 12/14
   464 | D        | Noticed a jelly
   465 | D        | Noticed a shadow
   467 | D        | Killed a shadow
   467 | D        | Reached skill level 9 in Dodging
   467 | D        | Reached XP level 6. HP: 28/28 MP: 13/17
   472 | D        | Splashed by a jelly's acid

Vault maps used:
D:        dungeon_sprint_mu

Action                   |  1- 3 |  4- 6 || total
-------------------------+-------+-------++-------
Melee: Dagger            |    22 |     4 ||    26
 Cast: Corona            |     1 |       ||     1
       Ensorcelled Hiber |     3 |     1 ||     4
  Use: Scroll            |       |     4 ||     4
       Potion            |       |     3 ||     3
 Stab: Sleeping          |     3 |     2 ||     5
